 Dungeon Crawl Stone Soup version 0.19.5 (webtiles) character file.

67 Kalash the Grave Robber (level 3, 0/24 HPs)
             Began as a Vampire Necromancer on Apr 21, 2017.
             Was an Initiate of Dithmenos.
             Slain by Sigmund
             ... wielding a +3 scythe of slicing
              (5 damage)
             ... on level 2 of the Dungeon.
             The game lasted 00:13:01 (2480 turns).

Kalash the Grave Robber (Vampire Necromancer)       Turns: 2480, Time: 00:13:02

Health: 0/24       AC:  3    Str:  7    XL:     3   Next: 98%
Magic:  0/6        EV: 12    Int: 18    God:    Dithmenos [......]
Gold:   51         SH:  0    Dex: 14    Spells: 3 memorised, 1 level left

rFire  . . .     SeeInvis +     j - +0 dagger
rCold  . . .     Gourm    .     a - +0 robe
rNeg   . . .     Faith    .     (no shield)
rPois  .         Spirit   +     h - +0 helmet
rElec  .         Reflect  .     (no cloak)
rCorr  .         Harm     .     (no gloves)
MR     .....                    (no boots)
Stlth  +++.......               e - amulet of guardian spirit
                                (no ring)
                                (no ring)

@: regenerating quickly
A: fangs 3, see invisible, unbreathing
a: Renounce Religion


You were on level 2 of the Dungeon.
You worshipped Dithmenos.
Dithmenos was noncommittal.
You were full.

You visited 1 branch of the dungeon, and saw 2 of its levels.

You collected 51 gold pieces.

Inventory:

Hand Weapons
 d - a +0 club
 f - a +0 whip
 j - a +0 dagger (weapon)
 l - a +0 rapier
 n - a +0 hand crossbow
 o - a +0 glaive
Armour
 a - a +0 robe (worn)
 h - a +0 helmet (worn)
Jewellery
 e - an amulet of guardian spirit (around neck)
Scrolls
 c - 3 scrolls of amnesia {unknown}
 g - 2 scrolls of identify {unknown}
 i - 2 scrolls of teleportation {unknown}
 p - a scroll of remove curse {unknown}
Potions
 k - 2 potions of blood
 m - a potion of brilliance {unknown}
Books
 b - a book of Necromancy

   Spells                             Type                      Level
   a - Pain                           Necromancy                   1
   b - Animate Skeleton               Necromancy                   1
   c - Vampiric Draining              Necromancy                   3
   d - Regeneration                   Charms/Necromancy            3
   e - Animate Dead                   Necromancy                   4
   f - Control Undead                 Necromancy                   4


   Skills:
 * Level 1.5 Short Blades
 - Level 2.1 Dodging
 + Level 4.9 Stealth
 - Level 2.0 Spellcasting
 + Level 5.0 Necromancy


You had one spell level left.
You knew the following spells:

 Your Spells              Type           Power        Failure   Level  Hunger
a - Pain                  Necr           ###.         1%          1    #......
b - Animate Skeleton      Necr           N/A          1%          1    #......
c - Vampiric Draining     Necr           ###.......   10%         3    ###....


Dungeon Overview and Level Annotations

Branches:
Dungeon (2/15)

Altars:
Dithmenos

Annotations:
D:2 Sigmund


Innate Abilities, Weirdness & Mutations

Your natural rate of healing is unusually fast.
You have razor-sharp teeth.
You have supernaturally acute eyesight. (SInv)
You can survive without breathing.


Message History

Sigmund casts a spell at you.
Your goblin skeleton appears confused.
Found a dagger.
Okay, then.
Casting: Pain
Confirm with . or Enter, or press ? or * to list all spells.
You don't have enough magic to cast that spell.
There's nothing here to drain!
Unknown command.
Okay, then.
A ball python comes into view.
Sigmund hits your goblin skeleton with a scythe of slicing!
Your goblin skeleton is destroyed!
You see here a dagger.
Sigmund is suddenly surrounded by pale red light.
Sigmund points at you and mumbles some strange words.
The magic dart hits you!
* * * LOW HITPOINT WARNING * * *
Sigmund hits you from afar with a scythe of slicing.
You die...

#.#.# #S# #.#
##.###.)...## #....
#.##.# #.###<.#..##
#.... #.#.#
#.........## #....
##..# #####.###.## ....
##.### #)###.##
..###.## #.......
#.#.@###########..##.##
#.#..............##รท..
#)...@.....#####.#####
##########.......#
#########


You could see Sigmund (invisible).

Vanquished Creatures
  An ooze (D:1)
  A worm (D:2)
  3 dart slugs
  A leopard gecko (D:1)
  4 bats
  3 giant cockroaches
  11 goblins
  8 hobgoblins
  5 jackals (D:2)
  2 kobolds
  5 rats
44 creatures vanquished.

Notes
Turn   | Place    | Note
-------+----------+-------------------------------------------
     0 | D:1      | Kalash the Vampire Necromancer began the quest for the Orb.
     0 | D:1      | Reached XP level 1. HP: 13/13 MP: 3/3
   507 | D:1      | Reached XP level 2. HP: 16/19 MP: 1/5
  1151 | D:2      | Noticed Sigmund
  1247 | D:1      | Reached XP level 3. HP: 24/24 MP: 4/6
  1356 | D:2      | Found a shadowy altar of Dithmenos.
  1725 | D:2      | Reached skill level 1 in Short Blades
  2007 | D:2      | Learned a level 1 spell: Animate Skeleton
  2011 | D:2      | Learned a level 3 spell: Vampiric Draining
  2025 | D:2      | Reached skill level 5 in Necromancy
  2280 | D:2      | Became a worshipper of Dithmenos the Shadowed
  2480 | D:2      | Slain by Sigmund

Skill      XL: |  1  2  3 |
---------------+----------+-----
Stealth        | 4 |  4.9
Short Blades   | 1 |  1.5
Necromancy     | 5 |  5.0
Dodging        | |  2.1
Spellcasting   | |  2.0

Action                   || total
-------------------------++-------
Melee: Whip              ||    15
       Club              ||     1
       Dagger            ||    67
       Bite              ||     2
 Cast: Pain              ||    73
       Animate Skeleton  ||     1
  Use: Potion            ||    12
 Stab: Distracted        ||     1
Armor: Robe              ||    34
Dodge: Dodged            ||    90
